 Dungeon Crawl Stone Soup version 0.30-a0-879-ga8ba668304 (webtiles) character file.

Game seed: 3428853487130244560

990 bmack86 the Chopper (level 7, 0/55 (62) HPs)
             Began as a Minotaur Fighter on Mar 13, 2023.
             Slain by a wight
             ... wielding a +3 battleaxe
              (15 damage)
             ... on level 6 of the Dungeon.
             The game lasted 00:11:38 (4425 turns).

bmack86 the Chopper (Minotaur Fighter)              Turns: 4425, Time: 00:11:39

HP:   0/55 (62)     AC: 13    Str: 23    XL:     7   Next: 98%
MP:   5/5           EV:  9    Int:  5    God:
Gold: 139           SH:  5    Dex:  9    Spells: 6/6 levels left

rFire   . . .      SeeInvis .    n - +8 war axe (antimagic)
rCold   . . .      Faith    .    c - +0 buckler
rNeg    . . .      Spirit   .    b - +0 scale mail
rPois   .          Reflect  .    (helmet restricted)
rElec   .          Rampage  .    (no cloak)
rCorr   .                        v - +1 pair of gloves
Will    .....                    o - +2 pair of boots Stlth
                                 (no amulet)
HPRegen 0.29/turn                B - ring of magical power
MPRegen 0.09/turn                (no ring)

@: mighty, heavily drained
A: horns 2, retaliatory headbutt
a: no special abilities


You were on level 6 of the Dungeon.
You visited 1 branch of the dungeon, and saw 6 of its levels.

You collected 473 gold pieces.
You spent 334 gold pieces at shops.

Inventory:

Hand Weapons
 a - a +0 war axe
 k - a +0 war axe
 n - a +8 antimagic war axe (weapon)
Missiles
 y - 9 poisoned darts (quivered)
Armour
 b - a +0 scale mail (worn)
 c - a +0 buckler (worn)
 o - a +2 pair of boots (worn)
 s - a +0 pair of gloves
 v - a +1 pair of gloves (worn)
Jewellery
 B - a ring of magical power (left hand)
Wands
 A - a wand of roots (10)
Scrolls
 e - a scroll of fear {unknown}
 f - 2 scrolls of blinking
 h - 7 scrolls of fog
 m - a scroll of noise {unknown}
 q - a scroll of amnesia {unknown}
 r - a scroll of immolation {unknown}
 w - a scroll of enchant weapon {unknown}
 x - 2 scrolls of poison {unknown}
Potions
 d - a potion of might
 g - a potion of berserk rage
 i - a potion of heal wounds
 j - 3 potions of mutation
 l - 3 potions of curing
 p - 2 potions of magic
 t - a potion of invisibility {unknown}
 u - a potion of cancellation {unknown}
 z - a potion of lignification {unknown}


   Skills:
 + Level 5.9 Fighting
 * Level 7.2 Axes
 + Level 1.8 Throwing
 + Level 6.0 Armour
 + Level 6.0 Shields


You had 6 spell levels left.
You didn't know any spells.
Your spell library contained the following spells:

 Spells                   Type           Power      Damage    Failure   Level
 Necrotise                Necr           0%         1d4       85%         1
 Summon Small Mammal      Summ           0%         N/A       85%         1
 Sublimation of Blood     Necr           0%         N/A       94%         2
 Wereblood                Tmut           0%         N/A       94%         2
 Call Canine Familiar     Summ           0%         N/A       99%         3
 Gell's Gravitas          Tloc           0%         N/A       99%         3
 Summon Guardian Golem    Hex/Summ       0%         N/A       99%         3
 Teleport Other           Tloc           0%         N/A       99%         3
 Vhi's Electric Charge    Tloc/Air       0%         N/A       99%         3
 Agony                    Necr           0%         N/A       100%        5
 Arcjolt                  Conj/Air       0%         1d10      100%        5
 Dispersal                Tloc           0%         N/A       100%        6
 Starburst                Conj/Fire      0%         6d3       100%        6
 Summon Hydra             Summ           0%         N/A       100%        7
 Borgnjor's Revivificati  Necr           0%         N/A       100%        8
 Maxwell's Capacitive Co  Air            0%         ∞         100%        8


Dungeon Overview and Level Annotations

Branches:
Dungeon (6/15)
 Temple: D:4-7

Altars:
Yredelemnul

Shops:
D:1 (   D:4 *[*   D:5 *


Innate Abilities, Weirdness & Mutations

You have a pair of horns on your head.
You reflexively headbutt those who attack you in melee.


Message History

You slash the demonic plant! You hit the wight but do no damage.
The wight hits you with a +2 short sword.
You feel drained.
Your life force feels restored.
A wight comes into view.
It is wielding a +3 morningstar of freezing.
Found a leather armour.
You block the wight's attack. The wight barely misses you.
Things that are here:
a +0 halberd; a +0 robe An orc comes into view.
It is wielding a +0 club.
The orc shouts!
A nearby demonic plant withers and dies.
The wight hits you with a +2 short sword.
The wight hits you with a +3 battleaxe!
You feel drained.
You barely miss the wight. You slash the wight!
You destroy the wight!
The wight misses you. You furiously retaliate!
You headbutt the wight!
An orc warrior comes into view. It is wielding a +0 glaive.
Your Armour skill increases to level 6!
Your Shields skill increases to level 6!
You completely miss the wight.
The orc warrior shouts!
You headbutt the wight.
The wight is severely damaged.
You hit the wight but do no damage.
You hear a shout!
The wight closely misses you. The wight barely misses you.
An orc comes into view. It is wielding a +0 dagger.
The wight hits you with a +3 battleaxe.
You feel drained.
The wight hits you with a +1 long sword.
You feel drained.
Sorry, you're not good enough to have a special ability.
You feel very mighty all of a sudden. You block the wight's attack.
The wight hits you with a +3 morningstar of freezing.
* * * LOW HITPOINT WARNING * * *
You feel drained. The wight freezes you.
* * * LOW HITPOINT WARNING * * *
The wight hits you with a +3 battleaxe!
You die...

###..# ...[. # ..
..... ## ... ...#
### #. #...
#..##..##...## #.
#...##............
#.
.o.o...z♣..P.....##
#. #oz@...♣#.....#
#. ##z)......$...#
#. #....♣.##...##
#. #............#
#.
#.......†...#######
#...........##...##
#..##..##....#...##
#..##.<##....#.>...
#...#..##...##.....


You could see an orc warrior, 3 wights and 2 orcs.

Vanquished Creatures
  A sky beast (D:6)
  A black bear (D:6)
  A phantom (D:5)
  2 wights (D:6)
  2 jellies
  2 orc priests
  4 hounds
  3 iguanas (D:5)
  Natasha (thrice) (D:2)
  7 adders
  A shadow imp (D:6)
  4 ufetubi (D:6)
  6 worms
  3 dart slugs (D:1)
  15 orcs
  4 ball pythons
  6 bats
  11 endoplasms
  2 giant cockroaches
  8 goblins
  7 hobgoblins
  3 jackals (D:2)
  2 quokkas
  2 frilled lizards
  6 kobolds
  3 rats (D:2)
109 creatures vanquished.

Vanquished Creatures (others)
  3 demonic plants (D:6)
3 creatures vanquished.

Grand Total: 112 creatures vanquished

Notes
Turn   | Place    | Note
-------+----------+-------------------------------------------
     0 | D:1      | bmack86 the Minotaur Fighter began the quest for the Orb.
     0 | D:1      | Reached XP level 1. HP: 19/19 MP: 0/0
    60 | D:1      | Found Zofunism's Antique Weapon Shop.
   253 | D:1      | Reached XP level 2. HP: 27/27 MP: 1/1
   303 | D:1      | Found a faded altar of an unknown god.
   462 | D:1      | Reached skill level 3 in Axes
   486 | D:1      | Got Sif Muna's Enchiridion on Corpses and the Arsonist
   898 | D:2      | Reached XP level 3. HP: 25/33 MP: 2/2
   993 | D:2      | Noticed Natasha
  1006 | D:2      | Killed Natasha
  1007 | D:2      | Reached XP level 4. HP: 13/40 MP: 3/3
  1164 | D:2      | Reached skill level 4 in Axes
  1173 | D:2      | Noticed Natasha
  1182 | D:2      | Killed Natasha
  1388 | D:2      | Noticed Natasha
  1399 | D:2      | Killed Natasha
  1400 | D:2      | Reached XP level 5. HP: 39/47 MP: 4/4
  1921 | D:1      | Bought a glowing war axe for 162 gold pieces
  2465 | D:4      | Found Eturph's Antique Armour Emporium.
  2465 | D:4      | Found Suyl's Assorted Antiques.
  2465 | D:4      | Found Risauh's Assorted Antiques.
  2465 | D:4      | Found Ocaynwox's Magic Scroll Emporium.
  2518 | D:4      | Identified the +1 leather armour "Jorereek" {rF+ rN+ Int-2
                  | Dex+3}
  2556 | D:4      | Found a basalt altar of Yredelemnul.
  2766 | D:4      | Reached skill level 5 in Axes
  3125 | D:5      | Entered Level 5 of the Dungeon
  3128 | D:5      | Reached XP level 6. HP: 54/55 MP: 1/5
  3141 | D:5      | Reached skill level 5 in Fighting
  3141 | D:5      | Reached skill level 5 in Armour
  3141 | D:5      | Reached skill level 5 in Shields
  3226 | D:5      | Found Xuuqy's Assorted Antiques.
  3354 | D:4      | Bought a pair of embroidered gloves for 172 gold pieces
  3497 | D:5      | Reached skill level 6 in Axes
  3553 | D:5      | Reached XP level 7. HP: 61/61 MP: 2/6
  4032 | D:6      | Identified the +1 ring mail "Pyegedos" {rElec rC+}
  4092 | D:6      | Reached skill level 1 in Throwing
  4409 | D:6      | Reached skill level 7 in Axes
  4425 | D:6      | Slain by a wight

Illustrated notes

Levels and vault maps discovered:
D:1:      dpeg_arrival_central, layout_basic, serial_shops, shop,
          hellmonk_ecumenical_altar_heavens_door
D:2:      layout_loops_ring, kennysheep_nub, uniq_natasha
D:3:      layout_rooms, corexii_leaking_fountain
D:4:      layout_cave_pools, old_standard_altar,
          hangedman_abyss_or_decor_passed, minmay_shop_grid_forest,
          grunt_decor_clamped
D:5:      layout_loops_ring, serial_shops, nicolae_shop_stone
D:6:      layout_gridville, serial_demonic, serial_demonic_g, serial_demonic_f,
          serial_demonic_c, serial_demonic_f

Skill      XL: |  1  2  3  4  5  6  7 |
---------------+----------------------+-----
Axes           | 3 4 5 6 7 |  7.2
Armour         | 4 5 6 |  6.0
Shields        | 4 5 6 |  6.0
Fighting       | 4 5 |  5.9
Throwing       | 1 |  1.8

Action                     |  1- 3 |  4- 6 |  7- 9 || total
---------------------------+-------+-------+-------++-------
  Melee: War axe           |    49 |   123 |    35 ||   207
         Headbutt          |     7 |    13 |     8 ||    28
    Use: Scroll            |     3 |     7 |       ||    10
         Potion            |       |       |     1 ||     1
 Armour: Scale mail        |    31 |    55 |    25 ||   111
  Dodge: Dodged            |    33 |    50 |    25 ||   108
  Block: Buckler           |     8 |    25 |    13 ||    46

Table legend: (Time is in decaauts)
 A = Elapsed time spent in this place.
 B = Non-inter-level travel time spent in this place.
 C = Inter-level travel time spent in this place.
 D = Time resting spent in this place.
 E = Time spent auto-exploring this place.
 F = Levels seen in this place.
 G = Mean time per level.
                   A        B        C        D        E       F      G
               +--------+--------+--------+--------+--------+-----+--------+
         Total |   4498 |   4234 |    264 |     95 |   2638 |   6 |  749.7 |
       Dungeon |   4498 |   4234 |    264 |     95 |   2638 |   6 |  749.7 |
               +--------+--------+--------+--------+--------+-----+--------+

Top non-repeatable levels by time:
     D:2: 1067 daAuts
     D:1: 942 daAuts
     D:4: 760 daAuts
     D:5: 725 daAuts
     D:3: 509 daAuts
     D:6: 493 daAuts
